 Dungeon Crawl Stone Soup version 0.28-a0-1506-g3893175d92 (webtiles) character file.

Game seed: 5307376312775843885

35497 squill the Fighter (level 13, -6/114 HPs)
             Began as a Hill Orc Conjurer on Jan 14, 2022.
             Was a High Priest of Okawaru.
             Mangled by a hog (7 damage)
             ... led by Kirke
             ... on level 5 of the Lair of Beasts.
             The game lasted 00:50:36 (24969 turns).

squill the Fighter (Hill Orc Conjurer)             Turns: 24969, Time: 00:50:39

Health: -6/114     AC: 21    Str: 20    XL:     13   Next: 84%
Magic:  23/23      EV: 13    Int: 28    God:    Okawaru [*****.]
Gold:   816        SH:  0    Dex:  9    Spells: 18/26 levels left

rFire   . . .      SeeInvis .   g - +10 mace "Hedd" {flame, Int+2}
rCold   + . .      Faith    .   (no shield)
rNeg    . . .      Spirit   .   v - +5 ring mail
rPois   .          Reflect  .   B - +0 helmet of Hedge Wizardry {Str+7}
rElec   .          Harm     .   q - +0 cloak
rCorr   .          Rampage  .   a - +0 pair of gloves
Will    .....                   M - +2 pair of boots
Stlth   +++.......              (no amulet)
HPRegen 0.29/turn               n - +6 ring of intelligence
MPRegen 0.18/turn               l - ring of protection from cold

@: heroic
A: no striking features
a: Renounce Religion, Heroism, Finesse, Duel


You were on level 5 of the Lair of Beasts.
You worshipped Okawaru.
Okawaru was extremely pleased with you.
You visited 3 branches of the dungeon, and saw 17 of its levels.

You collected 1078 gold pieces.
You spent 262 gold pieces at shops.

Inventory:

Hand Weapons
 g - the +10 mace "Hedd" (weapon) {flame, Int+2}
   (You found it on level 2 of the Dungeon)

   It burns those it strikes, dealing additional fire damage.
   Int:       It affects your intelligence (+2).
 x - a +1 war axe of freezing
 I - the +6 quarterstaff "Lasad" {flame, MP+9 Int+2 Dex+4}
   (You found it on level 1 of the Lair of Beasts)

   It burns those it strikes, dealing additional fire damage.
   Int:       It affects your intelligence (+2).
   Dex:       It affects your dexterity (+4).
   MP:        It affects your magic capacity (+9).
Missiles
 u - 6 javelins
 R - 4 silver javelins
Armour
 a - a +0 pair of gloves (worn)
 q - a +0 cloak (worn)
 v - a +5 ring mail (worn)
 B - the +0 helmet of Hedge Wizardry (worn) {Str+7}
   (You bought it in a shop on level 8 of the Dungeon)

   Str:       It affects your strength (+7).
 M - a +2 pair of boots (worn)
 S - the +2 helmet of Defiance {rCorr}
   (Okawaru gifted it to you on level 4 of the Lair of Beasts)

   rCorr:     It protects you from acid and corrosion.
Jewellery
 l - a ring of protection from cold (right hand)
 n - a +6 ring of intelligence (left hand)
 y - a ring of positive energy
 z - a ring of positive energy
 C - a ring of positive energy
 F - a ring of see invisible
 H - a +6 ring of strength
 P - a ring of protection from cold
 Q - a ring of resist corrosion
Wands
 r - a wand of flame (49)
 D - a wand of acid (3)
 E - a wand of mindburst (11)
 J - a wand of iceblast (3)
 N - a wand of paralysis (9)
Scrolls
 b - 2 scrolls of enchant weapon
 d - a scroll of blinking
 f - a scroll of amnesia
 o - 5 scrolls of teleportation
 s - 4 scrolls of enchant armour
 t - 7 scrolls of identify
 G - a scroll of silence
Potions
 c - a potion of magic {unknown}
 e - 3 potions of curing
 h - 3 potions of flight
 i - a potion of attraction {unknown}
 j - 5 potions of brilliance {unknown}
 p - 4 potions of ambrosia
 w - 2 potions of mutation {unknown}
 A - a potion of invisibility {unknown}
 L - a potion of might {unknown}
 O - a potion of lignification {unknown}


   Skills:
 + Level 10.4(15.4) Fighting
 - Level 1.0(12.2) Axes
 + Level 9.5(14.6) Maces & Flails
 + Level 5.4(10.4) Throwing
 - Level 8.3(13.3) Armour
 - Level 2.7(7.7) Dodging
 - Level 2.8(7.8) Stealth
 + Level 7.0 Spellcasting
 - Level 9.2 Conjurations
 - Level 7.0 Hexes
 + Level 3.1 Transmutations
 + Level 6.4 Invocations
 + Level 7.4 Evocations


You had 18 spell levels left.
You knew the following spells:

 Your Spells              Type           Power      Damage    Failure   Level
a - Magic Dart            Conj           100%       1d8       1%          1
b - Searing Ray           Conj           100%       2d8       1%          2
c - Dazzling Flash        Conj/Hex       100%       N/A       1%          3
d - Wereblood             Tmut           27%        N/A       3%          2

Your spell library contained the following spells:

 Spells                   Type           Power      Damage    Failure   Level
 Beastly Appendage        Tmut           54%        N/A       2%          1
 Fulminant Prism          Conj/Hex       26%        3d14      2%          4
 Corpse Rot               Necr/Air       18%        N/A       12%         2
 Iskenderun's Mystic Bla  Conj/Tloc      35%        2d8       12%         4
 Spider Form              Tmut/Pois      18%        N/A       13%         3
 Yara's Violent Unravell  Hex/Tmut       19%        3d9       26%         5
 Petrify                  Tmut/Erth      18%        N/A       38%         4
 Metabolic Englaciation   Hex/Ice        14%        N/A       45%         5
 Silence                  Hex/Air        14%        N/A       45%         5
 Dispel Undead            Necr           9%         3d8       61%         4
 Passage of Golubria      Tloc           9%         N/A       61%         4
 Statue Form              Tmut/Erth      12%        N/A       100%        6
 Lehudib's Crystal Spear  Conj/Erth      17%        10d5      100%        8
 Tukima's Dance           Hex            Unusable   N/A       N/A         3
 Death Channel            Necr           Unusable   N/A       N/A         6

Dungeon Overview and Level Annotations

Branches:
Dungeon (10/15)            Temple (1/1) D:6            Lair (6/6) D:9
 Shoals (0/4) Lair:3       Spider (0/4) Lair:2
  Slime: Lair:5-6       Orc: D:9-12

Altars:
Fedhas
Gozag
Okawaru
Ru
Trog
Vehumet

Shops:
D:2 [   D:8 [

Annotations:
Lair:5 Kirke


Message History

The lindwurm is heavily wounded.
The lindwurm bites you but does no damage.
The lindwurm claws you but does no damage.
The lindwurm claws you.
* * * LOW HITPOINT WARNING * * *
You hit the lindwurm. You burn the lindwurm. Your punch misses the lindwurm.
The lindwurm is heavily wounded.
The lindwurm bites you.
* * * LOW HITPOINT WARNING * * *
The lindwurm claws you but does no damage. x2
You thump the lindwurm! You burn the lindwurm.
The lindwurm is almost dead.
You hit the lindwurm. You burn the lindwurm.
You kill the lindwurm!
Okawaru accepts your kill.
Throw: 7 javelins
Press: ? - help, Shift-Dir - straight line, f - yak
Aim: a yak (77% to hit)
You throw a javelin. The javelin pierces through the yak.
The yak is lightly wounded.
A yak comes into view.
You bludgeon the yak!! You burn the yak!
The yak is almost dead.
A yak comes into view. x2
The yak bellows! x2
You sock the yak! You burn the yak.
You kill the yak!
Okawaru accepts your kill.
You hear an angry hiss. 4 yaks come into view.
The yak moves out of view. x3
There is a stone staircase leading up here.
You climb upwards.
Level annotation: Kirke The hog bites you.
* * * LOW HITPOINT WARNING * * *
The hog bites you!
* * * LOW HITPOINT WARNING * * *
The hog bites you!
You die...

#####.##............#.###
###..............##
#####.##.............#
#...#.#..............#***
#...................#.,,#
#.............##.........
#..........####**,,,,,...
##.........# **,,,*..#
##......@^.# *,,**###
#......h.h## **,,*
#..........# *,,,*
##.....h..##**# *,,,*
##P#.#....##.##*,,,**
####..@.....^.,,,,,*
##.........,,,,,*
#.........,,,,**
#.........,,,,**


You could see Kirke and 3 hogs.

Vanquished Creatures
  The ghost of Desusah the Arsonist, a journeyman DrCA of Ignis (Lair:2)
  6 hydras
  A catoblepas (Lair:2)
  A centaur warrior (D:8)
  A lindwurm (Lair:6)
  2 oklob plants (Lair:1)
  2 cyclopes (D:8)
  A centaur zombie (D:9)
  3 black mambas
  9 elephants
  12 cane toads
  A gargoyle (D:7)
  2 torpor snails
  A kobold demonologist (D:8)
  2 rime drakes
  4 komodo dragons
  An efreet (D:8)
  A tengu conjurer (D:8)
  2 trolls
  A queen bee (Lair:4)
  3 meliai (Lair:4)
  25 blink frogs
  2 dream sheep (Lair:5)
  4 wyverns
  16 yaks
  A basilisk (Lair:3)
  3 redbacks (Lair:2)
  2 steam dragons
  14 water moccasins
  A hornet zombie (D:5)
  3 ice beasts
  2 orc warriors (D:8)
  A sky beast (D:6)
  2 black bears
  2 necrophages
  4 ogres
  3 wolves (Lair:3)
  7 centaurs
  A phantom (D:6)
  12 bullfrogs
  2 kobold brigands (D:7)
  2 scorpions
  A wyvern skeleton (D:7)
  A water moccasin skeleton (D:6)
  20 killer bees
  6 wights (D:8)
  2 howler monkeys (D:7)
  6 electric eels
  A bullfrog zombie (D:6)
  6 hounds
  2 lava snakes (Lair:3)
  A gnoll shaman (D:5)
  5 orc priests
  A jelly (D:5)
  Crazy Yiuf (D:2)
  Jessica (D:2)
  6 iguanas
  5 orc wizards
  Terence (D:2)
  A killer bee zombie (D:5)
  2 hound skeletons
  9 adders
  7 gnolls
  2 howler monkey skeletons
  2 shadow imps
  A white imp (D:6)
  An ufetubus (D:7)
  An adder skeleton (D:4)
  3 worms
  A dart slug (D:2)
  25 orcs
  6 ball pythons
  6 endoplasms
  2 giant cockroaches
  5 goblins
  6 hobgoblins
  6 jackals
  4 quokkas
  7 bats
  4 frilled lizards
  11 kobolds
  5 rats
349 creatures vanquished.

Vanquished Creatures (others)
  An orc (D:8)
  31 fungi
  35 plants
67 creatures vanquished.

Grand Total: 416 creatures vanquished

Notes
Turn   | Place    | Note
-------+----------+-------------------------------------------
     0 | D:1      | squill the Hill Orc Conjurer began the quest for the Orb.
     0 | D:1      | Reached XP level 1. HP: 14/14 MP: 3/3
   504 | D:1      | Reached XP level 2. HP: 22/22 MP: 1/4
   939 | D:1      | Reached skill level 1 in Armour
  1225 | D:2      | Noticed Terence
  1341 | D:2      | Reached skill level 1 in Fighting
  1341 | D:2      | Reached skill level 1 in Axes
  1341 | D:2      | Reached XP level 3. HP: 28/28 MP: 0/5
  1400 | D:2      | Identified the +10 mace "Hedd" {flame, Int+2}
  1454 | D:2      | Found a faded altar of an unknown god.
  1686 | D:2      | Found Fettik's Antique Armour Shop.
  1731 | D:2      | Found a runed translucent door.
  1732 | D:2      | Noticed Crazy Yiuf
  1835 | D:2      | Learned a level 2 spell: Searing Ray
  1855 | D:2      | Reached XP level 4. HP: 35/35 MP: 1/6
  1966 | D:2      | Killed Terence
  1967 | D:2      | Reached skill level 1 in Maces & Flails
  2105 | D:2      | Noticed Jessica
  2110 | D:2      | Killed Jessica
  2111 | D:2      | Reached skill level 5 in Conjurations
  2111 | D:2      | Reached XP level 5. HP: 41/41 MP: 3/8
  2552 | D:2      | Killed Crazy Yiuf
  2553 | D:2      | Reached skill level 2 in Fighting
  3707 | D:4      | Found a blossoming altar of Fedhas.
  3729 | D:4      | Reached XP level 6. HP: 46/49 MP: 9/9
  3742 | D:4      | Learned a level 3 spell: Dazzling Flash
  4231 | D:5      | Entered Level 5 of the Dungeon
  4527 | D:5      | Reached skill level 3 in Fighting
  4527 | D:5      | Reached skill level 1 in Hexes
  4527 | D:5      | Reached XP level 7. HP: 38/57 MP: 5/10
  5145 | D:5      | Found a bloodstained altar of Trog.
  5512 | D:6      | Reached XP level 8. HP: 61/66 MP: 12/12
  5517 | D:6      | Found a staircase to the Ecumenical Temple.
  5540 | D:6      | Reached skill level 4 in Fighting
  6865 | D:6      | Reached skill level 5 in Fighting
  7144 | D:7      | Reached XP level 9. HP: 46/74 MP: 9/14
  7152 | D:7      | Found a radiant altar of Vehumet.
  7178 | D:7      | Found an iron altar of Okawaru.
  7193 | D:7      | Became a worshipper of Warmaster Okawaru
  7380 | D:7      | Reached skill level 1 in Invocations
  7393 | D:7      | Reached skill level 5 in Armour
  7583 | D:7      | Reached * piety under Okawaru
  7584 | D:7      | Reached skill level 5 in Maces & Flails
  7724 | D:7      | Noticed a gargoyle
  7991 | Temple   | Entered the Ecumenical Temple
  8272 | D:7      | Reached ** piety under Okawaru
  8273 | D:7      | Reached skill level 1 in Evocations
  8448 | D:7      | Reached skill level 6 in Fighting
  8592 | D:7      | Killed a gargoyle
  8593 | D:7      | Reached XP level 10. HP: 43/83 MP: 11/16
  9061 | D:8      | Found Peqixio's Armour Shop.
  9065 | D:8      | Bought the +0 helmet of Hedge Wizardry {Str+7} for 262 gold
                  | pieces
  9638 | D:8      | Reached *** piety under Okawaru
  9833 | D:8      | Reached skill level 5 in Hexes
 10015 | D:8      | Noticed a kobold demonologist
 10019 | D:8      | Noticed a smoke demon
 10023 | D:8      | Killed a kobold demonologist
 10104 | D:8      | Noticed a cyclops
 10112 | D:8      | Killed a cyclops
 10114 | D:8      | Reached skill level 7 in Fighting
 10377 | D:8      | Noticed a centaur warrior
 10377 | D:8      | Noticed a cyclops
 10393 | D:8      | Killed a centaur warrior
 10393 | D:8      | Received a gift from Okawaru
 10393 | D:8      | Reached **** piety under Okawaru
 10394 | D:8      | Reached skill level 5 in Spellcasting
 10394 | D:8      | Reached XP level 11. HP: 12/92 MP: 16/18
 10397 | D:8      | Killed a cyclops
 10827 | D:8      | Received a gift from Okawaru
 11036 | D:8      | Found a sacrificial altar of Ru.
 11051 | D:8      | Found an opulent altar of Gozag.
 11243 | D:9      | Noticed a death knight
 11684 | D:10     | Entered Level 10 of the Dungeon
 11783 | D:9      | Found a staircase to the Lair.
 11808 | Lair:1   | Entered Level 1 of the Lair of Beasts
 11941 | Lair:1   | Reached skill level 1 in Throwing
 12290 | Lair:1   | Identified the +6 quarterstaff "Lasad" {flame, MP+9 Int+2
                  | Dex+4}
 12733 | Lair:1   | Reached ***** piety under Okawaru
 13118 | Lair:1   | Found a blossoming altar of Fedhas.
 13120 | Lair:1   | Noticed an oklob plant
 13395 | Lair:1   | Noticed an oklob plant
 13698 | Lair:1   | Killed an oklob plant
 13699 | Lair:1   | Reached skill level 8 in Fighting
 13794 | Lair:1   | Killed an oklob plant
 14042 | Lair:2   | Noticed a catoblepas
 14056 | Lair:2   | Killed a catoblepas
 14088 | Lair:2   | Reached skill level 5 in Evocations
 14177 | Lair:2   | Reached XP level 12. HP: 42/103 MP: 10/20
 14200 | Lair:2   | Received a gift from Okawaru
 14900 | Lair:2   | Found a hole to the Spider Nest.
 15449 | Lair:2   | Identified the +0 ring mail "Zyk Tummiq" {*Corrode rPois
                  | rN++ Stlth+}
 16158 | Lair:2   | Noticed a six-headed hydra
 16167 | Lair:2   | Killed a six-headed hydra
 16453 | Lair:2   | Found a large runed translucent door.
 16453 | Lair:2   | Found a large runed translucent door.
 16508 | Lair:2   | Noticed Desusah's ghost (journeyman DrCA)
 16980 | Lair:2   | Killed Desusah's ghost
 17324 | Lair:3   | Reached skill level 9 in Fighting
 17347 | Lair:3   | Learned a level 2 spell: Wereblood
 17638 | Lair:3   | Noticed an eight-headed hydra
 17648 | Lair:3   | Received a gift from Okawaru
 17668 | Lair:3   | Killed an eight-headed hydra
 18384 | Lair:3   | Reached skill level 1 in Transmutations
 19048 | Lair:3   | Found a staircase to the Shoals.
 19782 | Lair:4   | Reached XP level 13. HP: 111/111 MP: 22/22
 20040 | Lair:4   | Received a gift from Okawaru
 21028 | Lair:4   | Identified the +2 helmet of Defiance {rCorr} (Okawaru
                  | gifted it to you on level 4 of the Lair of Beasts)
 21028 | Lair:4   | Received a gift from Okawaru
 21045 | Lair:4   | Reached skill level 5 in Invocations
 23102 | Lair:5   | Reached skill level 10 in Fighting
 23572 | Lair:5   | Reached skill level 5 in Throwing
 24599 | Lair:5   | Noticed Kirke
 24608 | Lair:6   | Entered Level 6 of the Lair of Beasts
 24871 | Lair:6   | HP: 1/114 [cane toad (15)]
 24872 | Lair:6   | Received a gift from Okawaru
 24969 | Lair:5   | HP: 1/114 [hog[Kirke] (8)]
 24969 | Lair:5   | Mangled by a hog

Illustrated notes

Levels and vault maps discovered:
D:1:      saegor_arrival_simple_d, layout_rooms, chequers_garden,
          patterned_corridor
D:2:      layout_loops_cross, serial_rivers, chequers_serial_rivers_micro_c,
          chequers_serial_rivers_room_b, chequers_serial_rivers_room_b,
          chequers_serial_rivers_micro_a, chequers_serial_rivers_room_b,
          shapermc_ecumenical_altar_hornbeckon, serial_shops,
          nicolae_shop_trees, minmay_randomly_rotated_circles,
          uniq_crazy_yiuf_cottage, uniq_jessica, uniq_terence
D:3:      layout_loops_cross
D:4:      layout_rooms, fedhas_ov_isle_minmay
D:5:      layout_rooms, trog_butcher_becter, serial_rivers,
          chequers_serial_rivers_large_a, chequers_serial_rivers_micro_c,
          chequers_serial_rivers_small_3, chequers_serial_rivers_marsh
D:6:      minmay_spotlight, layout_layer_cave, minmay_temple_entry_waves,
          portal_sewer_entry_d, serial_bayou_pond_c
D:7:      minmay_the_grid_octo_tiled_squarecenter
          [minmay_the_grid_octo_vomiting_pacman,
          minmay_the_grid_octo_tetromino_candy, minmay_the_grid_octo_fan_narrow,
          minmay_the_grid_octo_chip,
          minmay_the_grid_square_5x5_megaprize_hollow,
          minmay_the_grid_square_5x5_two_walls_b,
          minmay_the_grid_square_5x5_empty,
          minmay_the_grid_square_5x5_pentomino_r,
          minmay_the_grid_square_5x5_minimal], layout_cave_pools,
          kennysheep_pointless_box
D:8:      nzn_winding_woodlands_medium [nzn_winding_woodlands_hourglass,
          nzn_winding_woodlands_5x15_pathside_ponds,
          nzn_winding_woodlands_5x5_perimeter, nzn_winding_woodlands_5x5_cross,
          nzn_winding_woodlands_center_lodge,
          nzn_winding_woodlands_5x5_checkerboard,
          nzn_winding_woodlands_5x5_three, nzn_winding_woodlands_5x15_twine,
          nzn_winding_woodlands_5x5_open_star], layout_loops_ring,
          nicolae_overflow_squiral, serial_shops, nicolae_shop_stone
D:9:      layout_big_octagon, lair_entry_dummy
D:10:     layout_rooms, st_stairs_3, minmay_variable_closet
Temple:   mainiacjoe_temple_coin_purse
Lair:1:   layout_loops_ring, hangedman_tree_tricks
Lair:2:   layout_layer_cave, spider_nest_entry_webs,
          ebering_ghost_disaster_area, chequers_serial_rivers_small_b,
          grunt_megastairs_3
Lair:3:   layout_roguey, elwin_shoals_entry_rocks, nicolae_lair_liquid_snakes
Lair:4:   layout_cave_pods, special_room [special_room_bee],
          infiniplex_staircase_pool
Lair:5:   layout_small_grid, uniq_kirke
Lair:6:   grunt_lair_end_beastmaster, layout_misc_corridors,
          nicolae_slime_entry_slimehenge, st_stairs_11, lemuel_fruit_tree

Skill      XL: |  1  2  3  4  5  6  7  8  9 10 11 12 13 |
---------------+----------------------------------------+-----
Armour         | 1 2 3 4 5 6 7 8 |  8.3
Fighting       | 1 2 3 5 6 7 8 9 10 | 10.4
Axes           | 1 |  1.0
Maces & Flails | 1 2 3 4 5 6 7 8 9 |  9.5
Spellcasting   | 2 3 4 5 6 7 |  7.0
Conjurations   | 5 6 7 8 9 |  9.2
Hexes          | 1 2 3 4 5 6 7 |  7.0
Invocations    | 3 4 6 |  6.4
Stealth        | 2 |  2.8
Dodging        | 2 |  2.7
Evocations     | 1 3 5 6 7 |  7.4
Throwing       | 2 4 5 |  5.4
Transmutations | 1 3 |  3.1

Action                   |  1- 3 |  4- 6 |  7- 9 | 10-12 | 13-15 || total
-------------------------+-------+-------+-------+-------+-------++-------
Melee: Unarmed           |     3 |       |       |       |       ||     3
       Hand axe          |     2 |       |       |       |       ||     2
       Mace              |    19 |    80 |   118 |   411 |   283 ||   911
       Punch             |       |     1 |     2 |    10 |     6 ||    19
Throw: Dart              |       |       |       |       |     4 ||     4
       Javelin           |       |       |       |       |     1 ||     1
       Throwing net      |       |       |       |       |     1 ||     1
 Cast: Magic Dart        |    45 |     8 |    20 |    58 |    57 ||   188
       Searing Ray       |     1 |     7 |    25 |    40 |    16 ||    89
       Dazzling Flash    |       |       |     3 |     3 |     5 ||    11
Invok: Heroism           |       |       |       |     8 |     2 ||    10
       Finesse           |       |       |       |     1 |       ||     1
Evoke: Wand              |       |       |       |     2 |     2 ||     4
  Use: Scroll            |       |     4 |     8 |     6 |     3 ||    21
       Potion            |       |       |     1 |     3 |     5 ||     9
 Stab: Sleeping          |     1 |       |       |     2 |       ||     3
       Invisible         |       |       |     1 |       |     1 ||     2
Armor: Robe              |     7 |     6 |       |       |       ||    13
       Ring mail         |       |    35 |    88 |   241 |   250 ||   614
Dodge: Dodged            |    25 |    69 |    89 |   231 |   235 ||   649

Table legend: (Time is in decaauts)
 A = Elapsed time spent in this place.
 B = Non-inter-level travel time spent in this place.
 C = Inter-level travel time spent in this place.
 D = Time resting spent in this place.
 E = Time spent auto-exploring this place.
 F = Levels seen in this place.
 G = Mean time per level.
                   A        B        C        D        E       F      G
               +--------+--------+--------+--------+--------+-----+--------+
         Total |  25060 |  24626 |    434 |  10062 |  11109 |  17 | 1474.1 |
       Dungeon |  11928 |  11541 |    387 |   3195 |   6280 |  10 | 1192.8 |
        Temple |      1 |      1 |      0 |      0 |      0 |   1 |    1.0 |
          Lair |  13129 |  13083 |     46 |   6867 |   4829 |   6 | 2188.2 |
               +--------+--------+--------+--------+--------+-----+--------+

Top non-repeatable levels by time:
  Lair:2: 3161 daAuts
  Lair:4: 3140 daAuts
  Lair:3: 2565 daAuts
     D:8: 2390 daAuts
  Lair:1: 2178 daAuts
     D:6: 2044 daAuts
     D:2: 1833 daAuts
  Lair:5: 1726 daAuts
     D:7: 1593 daAuts
     D:1: 996 daAuts
     D:5: 989 daAuts
     D:3: 895 daAuts
     D:4: 793 daAuts
     D:9: 387 daAuts
  Lair:6: 358 daAuts
